 Dungeon Sprint DCSS version 0.26.0-57-g60708a5e39 (webtiles) character file.

Game seed: 8158901267671345806

15 Groucho the Sneak (level 2, -2/12 (13) HPs)
             Began as a Spriggan Enchanter on Feb 1, 2021.
             Was a Believer of Dithmenos.
             Slain by a wight
             ... wielding a +0 dire flail
              (6 damage)
             ... in the Dungeon (Sprint VII: "The Pits").
             The game lasted 00:02:06 (439 turns).

Groucho the Sneak (Spriggan Enchanter)               Turns: 439, Time: 00:02:06

HP:   -2/12 (13)    AC:  2    Str:  4    XL:     2   Next: 34%
MP:   6/7           EV: 18    Int: 16    God:    Dithmenos [**....]
Gold: 0             SH:  0    Dex: 16    Spells: 5/8 levels left

rFire    . . .     SeeInvis +   c - +2 dagger
rCold    . . .     Faith    .   (shield restricted)
rNeg     . . .     Spirit   .   b - +0 robe
rPois    .         Reflect  .   (helmet restricted)
rElec    .         Harm     .   (no cloak)
rCorr    .         Rampage  .   (gloves unavailable)
Will     .....     NoTele   +   (boots unavailable)
Stlth    ++++......             (no amulet)
HPRegen  0.04/turn              (no ring)
MPRegen  0.10/turn              (no ring)

@: wreathed by umbra, drained, very quick
A: very small, unfitting armour, see invisible, speed 3
a: Renounce Religion, Shadow Step


You were in the Dungeon.
You worshipped Dithmenos.
Dithmenos was pleased with you.
You visited 1 branch

Inventory:

Hand Weapons
 c - a +2 dagger (weapon)
Armour
 b - a +0 robe (worn)
Scrolls
 i - a scroll of blinking
 j - 3 scrolls of remove curse
 k - 5 scrolls of amnesia
 l - a scroll of summoning
Potions
 a - 2 potions of invisibility
 d - a potion of curing
 e - a potion of heal wounds
 f - a potion of haste
 g - 4 potions of magic
 h - 3 potions of berserk rage


   Skills:
 - Level 1.1 Short Blades
 - Level 3.1 Dodging
 + Level 6.4 Stealth
 + Level 3.8 Spellcasting
 + Level 5.1 Hexes


You had 5 spell levels left.
You knew the following spells:

 Your Spells              Type           Power        Failure   Level
a - Corona                Hex            21%          1%          1
b - Ensorcelled Hibernat  Hex/Ice        22%          9%          2

Your spell library contained the following spells:

 Spells                   Type           Power        Failure   Level
 Confusing Touch          Hex            19%          6%          3
 Tukima's Dance           Hex            19%          6%          3
 Dazzling Flash           Conj/Hex       22%          19%         3


Dungeon Overview and Level Annotations

Branches:
Dungeon (1/1)

Altars:
Ashenzari
Cheibriados
Dithmenos
Elyvilon
Fedhas
Gozag
Hepliaklqana
Kikubaaqudgha
Makhleb
Nemelex Xobeh
Okawaru
Qazlal
Ru
Sif Muna
Trog
Uskayaw
Vehumet
Wu Jian
Xom
Yredelemnul
Zin
The Shining One
Beogh
Jiyva
Lugonu


Innate Abilities, Weirdness & Mutations

You are very small and have problems with some larger weapons.
You are too small for most types of armour.
You have supernaturally acute eyesight. (SInv)
You cover ground extremely quickly.


Message History

There is an open door here.
The wight closely misses you.
There is an open door here.
There is an open door here.
You see here a quokka corpse.
Casting: Ensorcelled Hibernation (safe; 9% risk of failure)
Confirm with . or Enter, or press ? or * to list all spells.
You don't know that spell.
There is an open door here.
Okay, then.
There is an open door here.
You hit the wight but do no damage. The wight misses you.
You hit the wight but do no damage.
The wight hits you with a +0 dire flail!
Ouch! That really hurt!
You feel drained.
You hit the wight but do no damage.
The wight hits you with a +0 dire flail.
Ouch! That really hurt!
You die...

############
#_________.#
#_________.#
#_______...###########++
##########'##...........
#.?(.')))'.##......#..#
##########.##..........
#...........'...........
#+#####@#####......#..#.
#)..#z# #...........
#...#†# ####'#####+
#...'.# #.......#
##'#### #.......#
#....g# #.......#
#...z.# #...<...#
#....z.z. #.......#
#....r..z##.......#


You could see a wight.

Vanquished Creatures
  An ufetubus (D)
  A leopard gecko (D)
  An orc (D)
  2 jackals (D)
  2 quokkas (D)
7 creatures vanquished.

Notes
Turn   | Place    | Note
-------+----------+-------------------------------------------
     0 | D        | Groucho the Spriggan Enchanter began the quest for the Orb.
     0 | D        | Reached XP level 1. HP: 9/9 MP: 5/5
    41 | D        | Found a bloodstained altar of Trog.
    41 | D        | Found a shimmering blue altar of Sif Muna.
    41 | D        | Found a viscous altar of Jiyva.
    41 | D        | Found a hazy altar of Hepliaklqana.
    41 | D        | Found an opulent altar of Gozag.
    42 | D        | Found a glowing golden altar of the Shining One.
    42 | D        | Found a glowing silver altar of Zin.
    42 | D        | Found a basalt altar of Yredelemnul.
    42 | D        | Found a shimmering altar of Xom.
    42 | D        | Found an ornate altar of the Wu Jian Council.
    42 | D        | Found a sacrificial altar of Ru.
    42 | D        | Found a stormy altar of Qazlal.
    42 | D        | Found an iron altar of Okawaru.
    42 | D        | Found a sparkling altar of Nemelex Xobeh.
    42 | D        | Found a burning altar of Makhleb.
    42 | D        | Found a blossoming altar of Fedhas.
    42 | D        | Found a white marble altar of Elyvilon.
    42 | D        | Found a shadowy altar of Dithmenos.
    42 | D        | Found a snail-covered altar of Cheibriados.
    46 | D        | Found a roughly hewn altar of Beogh.
    46 | D        | Found a corrupted altar of Lugonu.
    46 | D        | Found a radiant altar of Vehumet.
    47 | D        | Found a broken altar of Ashenzari.
    47 | D        | Found an ancient bone altar of Kikubaaqudgha.
    47 | D        | Found a hide-covered altar of Uskayaw.
    54 | D        | Became a worshipper of Dithmenos the Shadowed
    73 | D        | Reached skill level 5 in Stealth
    82 | D        | Reached XP level 2. HP: 8/13 MP: 7/7
    87 | D        | Reached * piety under Dithmenos
    88 | D        | Reached skill level 6 in Stealth
   403 | D        | Learned a level 2 spell: Ensorcelled Hibernation
   408 | D        | Reached skill level 5 in Hexes
   412 | D        | Noticed a wight
   412 | D        | Noticed a wight
   412 | D        | Noticed a wight
   412 | D        | Noticed a wight
   420 | D        | Reached ** piety under Dithmenos
   439 | D        | Slain by a wight

Illustrated notes

Levels and vault maps discovered:
D:        pitsprint [storerooms_1, entrance_room_1, metal_vault_6, armoury_2,
          mini_pit_1, grid_room_1, main_hall_1, silver_pit, the_coven_3,
          the_vestibule_1, steel_vault_3, golden_pit, hallway_of_sentries,
          crystal_vault_6, iron_vault_2, final_vault]

Skill      XL: |  1  2 |
---------------+-------+-----
Hexes          | 4 5 |  5.1
Stealth        | 5 6 |  6.4
Spellcasting   | 3 |  3.8
Short Blades   | |  1.1
Dodging        | |  3.1

Action                   || total
-------------------------++-------
Melee: Dagger            ||    24
 Cast: Ensorcelled Hiber ||     1
 Stab: Sleeping          ||     4
Armor: Robe              ||     3
Dodge: Dodged            ||    14
